Map: Defender's Landing LE

Players

Vaioqoo - Winner!

  • Race: Zerg Zerg
  • League: Diamond
  • Spawn Location: 1:00

LonelySpork

  • Race: Protoss Protoss
  • Spawn Location: 7:00

VOD

Have the link to the VOD?

Description

Time

  • Played on: May 5, 2017, 12:51 p.m.
  • Length: 9:07
Show
View Real Time Build Order
Export as new Build Order

Vaioqoo Zerg - Winner!

Build Orders: 3 Hatch before Pool, Lurkers 

Get SALT Encoding   

  12  0:01  Drone  
  13  0:15  Drone  
  13  0:18  Overlord  
  14  0:38  Drone x2  
  14  0:39  Drone  
  17  0:50  Drone  
  18  1:01  Drone  
  18  1:02  Hatchery  
  18  1:17  Hatchery  
  18  1:19  Drone  
  19  1:27  Spawning Pool  
  18  1:34  Drone x2  
  18  1:36  Extractor  
  19  1:49  Drone  
  20  2:04  Drone  
  20  2:06  Overlord  
  21  2:18  Extractor, Queen  
  22  2:29  Drone x2  
  24  2:36  Queen  
  26  2:37  Drone  
  27  2:47  Drone  
  27  2:51  Drone  
  29  3:01  Metabolic Boost  
  29  3:08  Zergling x8  
  29  3:12  Drone  
  34  3:24  Hatchery  
  33  3:28  Lair  
  33  3:32  Drone x3  
  36  3:49  Overlord x3  
  36  4:03  Spore Crawler  
  34  4:23  Zergling x16  
  39  4:28  Drone x4  
  43  4:34  Hydralisk Den  
  43  4:38  Extractor  
  41  4:39  Queen  
  41  4:42  Drone  
  44  4:50  Spore Crawler  
  43  4:53  Drone x4  
  40  5:21  Lurker Den  
  40  5:27  Spine Crawler, Drone  
  40  5:28  Drone x10  
  50  5:34  Drone x3  
  53  5:41  Spine Crawler  
  52  5:55  Extractor  
  51  6:02  Hydralisk  
  51  6:03  Hydralisk x5  
  51  6:04  Hydralisk  
  63  6:07  Overlord  
  65  6:16  Drone  
  66  6:20  Spore Crawler  
  66  6:22  Spine Crawler  
  64  6:26  Spine Crawler  
  64  6:27  Drone  
  64  6:28  Drone x3  
  67  6:47  Evolution Chamber  
  66  6:50  Evolution Chamber  
  65  6:56  Lurker x4  
  65  6:57  Lurker x2  
  65  6:59  Zergling x6  
  74  7:06  Muscular Augments  
  74  7:11  Overlord  
  74  7:12  Overlord x3  
  69  7:33  Hydralisk x6  
  81  7:50  Hydralisk x3  
  81  7:51  Hydralisk x2  
  86  8:03  Drone  
  86  8:04  Drone x5  
  92  8:06  Extractor  
  92  8:08  Extractor, Zergling x2  
  92  8:09  Zergling x12  
  97  8:18  Spine Crawler  
  97  8:19  Queen  
Show
View Real Time Build Order
Export as new Build Order

LonelySpork Protoss 

Build Orders: 1 Gate Expand 

Get SALT Encoding   

  12  0:02  Probe (Chrono Boost)  
  13  0:12  Probe (Chrono Boost)  
  14  0:19  Pylon  
  14  0:23  Probe (Chrono Boost)  
  15  0:37  Gateway  
  15  0:40  Assimilator  
  15  0:43  Probe (Chrono Boost)  
  16  0:53  Probe (Chrono Boost)  
  17  1:06  Probe (Chrono Boost), Forge  
  18  1:38  Nexus  
  18  1:46  Probe (Chrono Boost)  
  19  1:54  Cybernetics Core  
  19  2:01  Pylon  
  19  2:14  Probe (Chrono Boost)  
  20  2:17  Zealot  
  22  2:25  Protoss Ground Weapons Level 1  
  22  2:26  Probe (Chrono Boost)  
  23  2:36  Assimilator  
  23  2:48  Zealot  
  24  2:51  Probe (Chrono Boost)  
  26  3:02  Pylon  
  26  3:12  Probe (Chrono Boost)  
  27  3:14  Probe (Chrono Boost)  
  27  3:19  Zealot  
  28  3:21  Twilight Council  
  28  3:22  Probe (Chrono Boost)  
  31  3:28  Gateway  
  31  3:32  Probe (Chrono Boost)  
  31  3:33  Probe (Chrono Boost)  
  33  3:40  Warp Gate  
  32  3:49  Probe (Chrono Boost)  
  32  3:51  Probe (Chrono Boost)  
  32  3:53  Zealot  
  34  3:57  Robotics Facility  
  36  4:06  Probe (Chrono Boost)  
  37  4:16  Charge  
  34  4:18  Probe (Chrono Boost)  
  34  4:21  Probe (Chrono Boost)  
  35  4:24  Zealot  
  37  4:32  Zealot  
  37  4:36  Pylon  
  40  4:39  Probe (Chrono Boost)  
  40  4:49  Gateway  
  40  4:50  Gateway  
  40  4:58  Zealot x2  
  35  5:18  Probe (Chrono Boost)  
  35  5:21  Probe (Chrono Boost)  
  36  5:23  Warp Prism  
  36  5:25  Zealot  
  40  5:29  Probe (Chrono Boost)  
  41  5:53  Zealot, Probe (Chrono Boost)  
  41  5:56  Probe (Chrono Boost)  
  45  6:01  Zealot x2  
  45  6:02  Zealot  
  51  6:07  Protoss Ground Armor Level 1  
  51  6:10  Probe (Chrono Boost)  
  51  6:11  Probe (Chrono Boost)  
  53  6:23  Gateway  
  53  6:30  Photon Cannon  
  53  6:34  Pylon x2  
  53  6:37  Probe (Chrono Boost)  
  54  6:47  Pylon  
  54  6:52  Probe (Chrono Boost)  
  54  6:53  Zealot x2, Probe (Chrono Boost)  
  60  7:05  Probe (Chrono Boost)  
  47  7:27  Zealot x5  
  47  7:35  Observer  
  38  8:03  Probe (Chrono Boost)  
  40  8:06  Probe (Chrono Boost)  
  40  8:12  Assimilator  
  40  8:13  Probe (Chrono Boost)  
  40  8:15  Observer  
  42  8:26  Stalker x5  
  38  8:48  Zealot  
  38  8:49  Zealot x4  
  38  9:01  Pylon  
Tags
 
Add a new tag
Caveats
  • Supply blocks, unpowered buildings, or Contaminate may cause inaccurate times.
  • Supply counts are checked every 10 seconds.